[Event "Titled Tuesday Blitz September 28 2021"]
[White "Kollars, Dmitrij"]
[Black "Sychev, Klementy"]
[WhiteFideId "12909572"]
[BlackFideId "4114060"]
[WhiteElo "2918"]
[BlackElo "2808"]
[Result "1-0"]
[Round "05"]
[TimeControl "180+1"]
[Date "2021.09.28"]
[WhiteClock "0:00:12"]
[BlackClock "0:00:02"]

1. e4 Nf6 2. e5 Nd5 3. d4 d6 4. c4 Nb6 5. f4 g6 6. Nc3 Bg7 7. Nf3 Be6 8. b3 O-O 9. Be2 c5 10. dxc5 N6d7 11. cxd6 exd6 12. Qxd6 Nxe5 13. Qd2 Nxf3+ 14. Bxf3 Nc6 15. Bb2 Nb4 16. O-O-O Bf5 17. Ne4 Nxa2+ 18. Kc2 Qb6 19. Bxg7 Kxg7 20. Kb2 Rad8 21. Qf2 Qa5 22. Qc5 Qxc5 23. Nxc5 Nb4 24. Nxb7 Rb8 25. Kc3 Na2+ 26. Kb2 Nb4 27. Rd2 Nd3+ 28. Kc3 Nxf4 29. Nd6 Be6 30. Rf1 a5 31. Bc6 g5 32. h4 h6 33. hxg5 hxg5 34. Ne4 f6 35. Nc5 Bf5 36. Bd7 Kg6 37. Bxf5+ Kxf5 38. Nd7 a4 39. Nxf8 Rxb3+ 40. Kc2 Rg3 41. c5 a3 42. c6 a2 43. Kb2 1-0


[Site "https://www.chess.com"]

[Event "Titled Tuesday Blitz September 28 2021"]
[White "Kovalchuk94"]
[Black "Coto Mederos, Michel"]
[BlackFideId "3508528"]
[WhiteElo "2676"]
[BlackElo "2427"]
[Result "1-0"]
[Round "05"]
[TimeControl "180+1"]
[Date "2021.09.28"]
[WhiteClock "0:01:07"]
[BlackClock "0:00:03"]

1. d4 d5 2. c4 e6 3. Nf3 Nf6 4. Nc3 Be7 5. Bf4 b6 6. e3 Bb7 7. Be2 O-O 8. O-O c5 9. dxc5 bxc5 10. Qb3 Qb6 11. Qc2 Nc6 12. Rfd1 d4 13. Na4 Qa5 14. exd4 cxd4 15. Nxd4 Nb4 16. Qb3 e5 17. Nf5 exf4 18. Nxe7+ Kh8 19. a3 Qg5 20. Bf3 Rab8 21. axb4 Rfe8 22. Nc6 Bxc6 23. Bxc6 Re2 24. Bf3 Re7 25. Re1 Nd7 26. Rxe7 Qxe7 27. b5 Re8 28. h3 Ne5 29. Qc3 Qg5 30. Kh1 h6 31. Re1 f6 32. Nc5 Rd8 33. Ne6 Qf5 34. Nxd8 1-0


[Site "https://www.chess.com"]

[Event "Titled Tuesday Blitz September 28 2021"]
[White "Kovanova, Baira"]
[Black "Cunha, Lucas Aguiar"]
[WhiteFideId "4164083"]
[BlackFideId "2125404"]
[WhiteElo "2187"]
[BlackElo "2361"]
[Result "1-0"]
[Round "05"]
[TimeControl "180+1"]
[Date "2021.09.28"]
[WhiteClock "0:00:56"]
[BlackClock "0:00:29"]

1. e4 c5 2. Nf3 e6 3. d3 Nc6 4. g3 Nf6 5. Bg2 d5 6. Qe2 g6 7. h4 Bg7 8. O-O O-O 9. e5 Ng4 10. Bf4 a5 11. a4 b6 12. Na3 Ba6 13. Nb5 Qd7 14. c4 Rae8 15. Rfe1 f6 16. exf6 Bxf6 17. Nc7 Re7 18. Nxa6 e5 19. Bg5 d4 20. Qe4 Bxg5 21. Nxg5 Rf6 22. Bh3 h5 23. f3 Qb7 24. fxg4 Qxa6 25. gxh5 Nb4 26. Rf1 1-0


[Site "https://www.chess.com"]

[Event "Titled Tuesday Blitz September 28 2021"]
[White "Lashkin, Jegor"]
[Black "Krysa, Leandro"]
[WhiteFideId "13907808"]
[BlackFideId "116807"]
[WhiteElo "2293"]
[BlackElo "2490"]
[Result "0-1"]
[Round "05"]
[TimeControl "180+1"]
[Date "2021.09.28"]
[WhiteClock "0:00:01"]
[BlackClock "0:00:09"]

1. d4 Nf6 2. c4 e6 3. Nc3 Bb4 4. e3 O-O 5. Bd2 b6 6. Nf3 d5 7. cxd5 exd5 8. Rc1 Re8 9. Nb5 Bxd2+ 10. Nxd2 c6 11. Nc3 Bf5 12. Be2 Qd6 13. O-O Nbd7 14. Nf3 g6 15. a3 a5 16. Qb3 Ne4 17. Nxe4 Bxe4 18. Nd2 Bf5 19. Bf3 Kg7 20. Qa4 b5 21. Qd1 a4 22. Nb1 Nb6 23. Nc3 Nc4 24. Qe2 h5 25. h4 Re7 26. Na2 Rh8 27. Nb4 Qf6 28. Rfe1 Re6 29. Nxd5 cxd5 30. Bxd5 Rb6 31. e4 Bg4 32. Qd3 Qxh4 33. Bxc4 bxc4 34. Rxc4 Rxb2 35. Rc2 Rb3 36. Rc3 Rhb8 37. d5 Kh7 38. d6 Bd7 39. Rxb3 axb3 40. Qc4 Be6 41. Qc7 Rc8 42. Qb6 Rc2 43. Rd1 Qg4 44. Qd4 b2 45. d7 Bxd7 46. Rf1 Bb5 47. Qd5 Qd7 0-1


[Site "https://www.chess.com"]

[Event "Titled Tuesday Blitz September 28 2021"]
[White "Lazavik, Denis"]
[Black "Koksik_13"]
[WhiteFideId "13515110"]
[WhiteElo "2436"]
[BlackElo "2602"]
[Result "1-0"]
[Round "05"]
[TimeControl "180+1"]
[Date "2021.09.28"]
[WhiteClock "0:00:51"]
[BlackClock "0:00:49"]

1. d4 e6 2. c4 d5 3. Nc3 a6 4. cxd5 exd5 5. Nf3 Nf6 6. Bg5 c6 7. e3 Nbd7 8. Bd3 Be7 9. Qc2 O-O 10. h3 Re8 11. Bf4 Nf8 12. O-O Bd6 13. Bxd6 Qxd6 14. Rab1 a5 15. a3 Ng6 16. Rfc1 Bd7 17. Na4 Ne4 18. b4 axb4 19. axb4 Qf6 20. Nb6 Rad8 21. Nxd7 Rxd7 22. b5 Rd6 23. bxc6 bxc6 24. Rb6 Ng5 25. Nxg5 Qxg5 26. Rxc6 Nh4 27. Bf1 Rg6 28. Rxg6 hxg6 29. Qc6 Rf8 30. Rc5 Rd8 31. Ra5 Nf3+ 32. Kh1 Nd2 33. Bd3 Kh7 34. Qc2 Nc4 35. Bxc4 Rb8 1-0


[Site "https://www.chess.com"]

[Event "Titled Tuesday Blitz September 28 2021"]
[White "Le, Tuan Minh"]
[Black "Atabayev, Saparmyrat"]
[WhiteFideId "12401153"]
[BlackFideId "14000571"]
[WhiteElo "2450"]
[BlackElo "2483"]
[Result "0-1"]
[Round "05"]
[TimeControl "180+1"]
[Date "2021.09.28"]
[WhiteClock "0:00:10"]
[BlackClock "0:00:39"]

1. d4 d5 2. Nf3 Nf6 3. Bf4 Bf5 4. e3 e6 5. c4 Bxb1 6. Qxb1 Bb4+ 7. Kd1 Bd6 8. Bg5 h6 9. Bxf6 Qxf6 10. cxd5 exd5 11. e4 Qd8 12. e5 Be7 13. Qf5 Qd7 14. Qf4 c5 15. Bd3 Nc6 16. dxc5 Bxc5 17. Rc1 Bb6 18. g4 Nd8 19. h4 a6 20. g5 hxg5 21. Nxg5 Ne6 22. Nxe6 Qxe6 23. Rg1 g6 24. Bc2 Bd8 25. Rg4 Rh5 26. Ba4+ b5 27. Bb3 Rxe5 28. Kc2 Rc8+ 29. Kb1 Rxc1+ 30. Kxc1 Qc8+ 31. Kd1 Re4 0-1


[Site "https://www.chess.com"]

[Event "Titled Tuesday Blitz September 28 2021"]
[White "Leitao, Rafael"]
[Black "Golubev, Mikhail"]
[WhiteFideId "2101246"]
[BlackFideId "14100983"]
[WhiteElo "2609"]
[BlackElo "2374"]
[Result "1-0"]
[Round "05"]
[TimeControl "180+1"]
[Date "2021.09.28"]
[WhiteClock "0:00:06"]
[BlackClock "0:00:03"]

1. c4 g6 2. Nc3 Bg7 3. d4 d6 4. e4 Nf6 5. f3 O-O 6. Nge2 a6 7. Be3 Nbd7 8. Qd2 b5 9. Ng3 b4 10. Nd5 c5 11. Rd1 e6 12. Nxf6+ Qxf6 13. e5 dxe5 14. dxc5 Qe7 15. Ne4 f5 16. Qd6 Qh4+ 17. g3 Qh5 18. Ng5 f4 19. Qxe6+ Kh8 20. Nf7+ Rxf7 21. Qxf7 Qxf3 22. Bf2 Qxh1 23. Rd6 Qe4+ 24. Be2 Nf8 25. Qd5 Qb1+ 26. Bd1 Bg4 27. Qxa8 Bxd1 28. Rxd1 Qxb2 29. Qe4 Qxa2 30. gxf4 exf4 31. Bd4 Qxh2 32. Bxg7+ Kxg7 33. Qe7+ Kg8 34. Rd8 Qg3+ 35. Kd2 Qc3+ 36. Ke2 Qxc4+ 37. Kf2 Qc2+ 38. Kf3 Qc3+ 39. Kxf4 Qc4+ 40. Ke3 Qc1+ 41. Kd4 Qc3+ 42. Kd5 Qf3+ 43. Kd6 b3 44. Qe6+ Kg7 45. Qe7+ Kg8 46. Qe6+ Kg7 47. Qe5+ Kg8 48. c6 1-0


[Site "https://www.chess.com"]

[Event "Titled Tuesday Blitz September 28 2021"]
[White "Lewtak, Damian"]
[Black "Chernomordik, Pavel"]
[WhiteFideId "1141724"]
[BlackFideId "2804530"]
[WhiteElo "2231"]
[BlackElo "2256"]
[Result "1-0"]
[Round "05"]
[TimeControl "180+1"]
[Date "2021.09.28"]
[WhiteClock "0:00:59"]
[BlackClock "0:00:08"]

1. d4 g6 2. c3 Bg7 3. h4 h6 4. f4 h5 5. e4 d5 6. f5 dxe4 7. fxg6 fxg6 8. Bg5 Nf6 9. Qb3 Qd5 10. Bc4 Qf5 11. Nh3 Rf8 12. Rf1 Qa5 13. Nd2 Qb6 14. Nf4 Bf5 15. Qa3 Nbd7 16. O-O-O c5 17. Nd5 Nxd5 18. Bxd5 Qd6 19. Bxe4 cxd4 20. Qxd6 exd6 21. Bxb7 dxc3 22. Rde1+ Ne5 23. Bxa8 cxd2+ 24. Kxd2 Kd7 25. Bd5 Rb8 26. b3 Rb5 27. Be4 Ra5 28. a4 Bxe4 29. Rxe4 Rd5+ 30. Ke2 Ke6 31. Rc1 Kf5 32. Rf4+ Ke6 33. Rc7 1-0


[Site "https://www.chess.com"]

[Event "Titled Tuesday Blitz September 28 2021"]
[White "Lukovic, Vladimir"]
[Black "Balabayeva, Xeniya"]
[WhiteFideId "942952"]
[BlackFideId "13719688"]
[WhiteElo "2436"]
[BlackElo "1965"]
[Result "1-0"]
[Round "05"]
[TimeControl "180+1"]
[Date "2021.09.28"]
[WhiteClock "0:00:32"]
[BlackClock "0:00:02"]

1. e4 c6 2. d4 d5 3. e5 Bf5 4. Nf3 e6 5. Be2 Nd7 6. O-O c5 7. c4 dxc4 8. Na3 Rc8 9. Nxc4 cxd4 10. Bg5 f6 11. exf6 Ngxf6 12. Nxd4 Be7 13. Nxf5 exf5 14. Nd6+ Bxd6 15. Qxd6 Qe7 16. Bh5+ Kf8 17. Qd3 g6 18. Rfe1 Qf7 19. Qd6+ Kg7 20. Re7 gxh5 21. Rxf7+ Kxf7 22. Re1 Rhe8 23. Rxe8 Rxe8 24. f3 Re7 25. Qb4 b6 26. Qf4 Kg6 27. Bh4 Re2 28. Qg5+ Kf7 29. Qxf5 Rxb2 30. g4 hxg4 31. fxg4 Rb4 32. Bxf6 Nxf6 33. g5 1-0


[Site "https://www.chess.com"]

[Event "Titled Tuesday Blitz September 28 2021"]
[White "Lysyj, Igor"]
[Black "Weetik, Vjacheslav"]
[WhiteFideId "4150120"]
[BlackFideId "4153472"]
[WhiteElo "2660"]
[BlackElo "2469"]
[Result "1-0"]
[Round "05"]
[TimeControl "180+1"]
[Date "2021.09.28"]
[WhiteClock "0:00:27"]
[BlackClock "0:00:01"]

1. d4 Nf6 2. c4 g6 3. Nc3 Bg7 4. e4 d6 5. Be2 O-O 6. Nf3 e5 7. O-O Nc6 8. d5 Ne7 9. Bg5 h6 10. Be3 Ng4 11. Bd2 f5 12. Nh4 Nf6 13. exf5 gxf5 14. g3 c6 15. Qb3 cxd5 16. cxd5 a6 17. a4 f4 18. gxf4 e4 19. Kh1 Nf5 20. Nxf5 Bxf5 21. Rg1 Qd7 22. Rg3 Kh7 23. Rag1 Rg8 24. Be3 h5 25. Rg5 Bh6 26. Rxg8 Rxg8 27. Rxg8 Kxg8 28. Qd1 Bg4 29. Bd4 Bxe2 30. Qxe2 Ng4 31. Qxe4 Bg7 32. h3 Nf6 33. Qe6+ Qxe6 34. dxe6 1-0


[Site "https://www.chess.com"]

[Event "Titled Tuesday Blitz September 28 2021"]
[White "Matamoros Franco, Carlos S."]
[Black "Salinas Herrera, Pablo"]
[WhiteFideId "3600017"]
[BlackFideId "3407128"]
[WhiteElo "2554"]
[BlackElo "2541"]
[Result "1/2-1/2"]
[Round "05"]
[TimeControl "180+1"]
[Date "2021.09.28"]
[WhiteClock "0:00:07"]
[BlackClock "0:00:04"]

1. Nf3 d5 2. g3 Nf6 3. Bg2 Bg4 4. h3 Bh5 5. d4 e6 6. c4 c6 7. Qb3 Qb6 8. Nc3 Be7 9. c5 Qxb3 10. axb3 a6 11. b4 O-O 12. g4 Bg6 13. Nh4 Bc2 14. Kd2 Bg6 15. Nxg6 fxg6 16. f4 Nbd7 17. Kc2 Rae8 18. Bf3 Bd8 19. h4 Bc7 20. e3 Kh8 21. Rh3 Ng8 22. Bd2 h6 23. Be2 Ndf6 24. Rg1 Ne7 25. Bd3 Nd7 26. Ne2 Kg8 27. Ng3 Nf6 28. Ne2 Nd7 29. Rhh1 Rf7 30. Ng3 Ref8 31. Ne2 Ra8 32. Ra1 Nf6 33. Rhg1 Nh7 34. Rh1 h5 35. gxh5 gxh5 36. Rag1 Nf6 37. Rg5 Re8 38. Ng3 Nf5 39. Bxf5 exf5 40. Nxf5 Kf8 41. Ng3 Ne4 42. Nxe4 Rxe4 43. Rxh5 Kg8 44. Rg5 Re6 45. Rhg1 Kh7 46. Rh5+ Kg8 47. Rhg5 Kh7 48. Kd3 Rh6 49. h5 Bd8 50. Rg6 Rxh5 51. Re6 Bf6 52. Re8 Rh2 53. Rg3 Rh5 54. Rg1 g6 55. Rb8 Bg7 56. Rg5 Rh3 57. Rg4 Re7 58. Rd8 Bh6 59. Rd6 Rg7 60. Re6 Rh5 61. Rd6 Rf5 62. Re6 Rh5 63. Bc3 Rh2 64. Bd2 Rh3 65. Re8 Rh5 66. Re6 Rh3 67. Re8 Rf3 68. Re6 Rh3 1/2-1/2


[Site "https://www.chess.com"]

[Event "Titled Tuesday Blitz September 28 2021"]
[White "Mekhitarian, Krikor Sevag"]
[Black "Rottenwohrer Suarez, Juan"]
[WhiteFideId "2107660"]
[BlackFideId "32068182"]
[WhiteElo "2598"]
[BlackElo "2158"]
[Result "1/2-1/2"]
[Round "05"]
[TimeControl "180+1"]
[Date "2021.09.28"]
[WhiteClock "0:00:08"]
[BlackClock "0:00:57"]

1. Nf3 Nf6 2. c4 g6 3. Nc3 Bg7 4. e4 c5 5. d4 cxd4 6. Nxd4 O-O 7. Be2 Nc6 8. Be3 d6 9. O-O Bd7 10. h3 Nxd4 11. Bxd4 Bc6 12. Qc2 a5 13. Rad1 Nd7 14. Bxg7 Kxg7 15. Bg4 Nc5 16. e5 f5 17. Be2 f4 18. exd6 f3 19. Bxf3 Bxf3 20. gxf3 exd6 21. Qd2 Rxf3 22. Kg2 Rd3 23. Qf4 Qf6 24. Qxf6+ Kxf6 25. Ne4+ Ke7 26. Nxc5 Rxd1 27. Rxd1 dxc5 28. Rd5 b6 29. Kf3 Rf8+ 30. Ke3 Rf6 31. h4 Re6+ 32. Kf3 Re1 33. h5 Rb1 34. hxg6 hxg6 35. Rd2 Ke6 36. b3 Ke5 37. Rd5+ Ke6 38. Rg5 Kf6 39. Rd5 Ke6 40. Rd2 Ke5 41. Ke3 Re1+ 42. Kf3 Rb1 1/2-1/2


[Site "https://www.chess.com"]

[Event "Titled Tuesday Blitz September 28 2021"]
[White "Milchev, Nikolay"]
[Black "Vakhlamov, Igor L."]
[WhiteFideId "2906090"]
[BlackFideId "24126748"]
[WhiteElo "2449"]
[BlackElo "2416"]
[Result "0-1"]
[Round "05"]
[TimeControl "180+1"]
[Date "2021.09.28"]
[WhiteClock "0:00:53"]
[BlackClock "0:00:09"]

1. Nf3 Nf6 2. c4 c5 3. Nc3 Nc6 4. g3 g6 5. Bg2 Bg7 6. O-O O-O 7. a3 d5 8. cxd5 Nxd5 9. Rb1 Bf5 10. Ra1 Nc7 11. d3 Qd7 12. Re1 Rac8 13. Bd2 Rfd8 14. Rc1 b6 15. Qa4 Ne6 16. b4 Ncd4 17. Qxd7 Rxd7 18. Nxd4 Nxd4 19. bxc5 Nb3 20. Be3 Nxc1 21. Rxc1 bxc5 22. Ne4 Bxe4 23. Bxe4 Bd4 24. Rc4 Bxe3 25. fxe3 Rcc7 26. Kf2 f5 27. Bf3 Kg7 28. g4 e6 29. Kg3 Kf6 30. h4 h6 31. Kf4 g5+ 32. hxg5+ hxg5+ 33. Kg3 Rh7 34. Ra4 Ke5 35. Ra5 f4+ 36. exf4+ gxf4+ 37. Kf2 Kd4 38. Ra4+ Kc3 39. Rxf4 Kb3 40. a4 c4 41. dxc4 Rxc4 42. Rxc4 Kxc4 43. Ke3 Rc7 44. Kf4 Kb4 45. Ke5 Kxa4 46. Kxe6 Kb4 47. g5 a5 48. g6 Kc5 49. Kf6 a4 50. Bg4 Kd6 51. g7 Rxg7 52. Kxg7 a3 53. Kf6 a2 54. e4 a1=Q+ 55. Kg5 Ke5 56. Bf5 Qg1+ 57. Kh6 Kf6 0-1


[Site "https://www.chess.com"]

[Event "Titled Tuesday Blitz September 28 2021"]
[White "Moksh Amit Doshi"]
[Black "Yakubboev, Nodirbek"]
[WhiteFideId "25064967"]
[BlackFideId "14203987"]
[WhiteElo "2245"]
[BlackElo "2464"]
[Result "0-1"]
[Round "05"]
[TimeControl "180+1"]
[Date "2021.09.28"]
[WhiteClock "0:00:12"]
[BlackClock "0:00:36"]

1. d4 Nf6 2. c4 g6 3. Nc3 Bg7 4. e4 d6 5. Nf3 O-O 6. Be2 e5 7. O-O Na6 8. Re1 Bg4 9. dxe5 Bxf3 10. Bxf3 dxe5 11. Be3 c6 12. a3 Nc7 13. b4 Ne6 14. Ne2 h5 15. h3 Kh7 16. Qxd8 Rfxd8 17. Red1 Rxd1+ 18. Rxd1 Bh6 19. Bxh6 Kxh6 20. Rd6 Kg7 21. Nc3 Kf8 22. Kf1 a5 23. b5 Ke7 24. Rd3 Nd7 25. Na4 Ndc5 26. Nxc5 Nxc5 27. Rd1 Nb3 28. h4 cxb5 29. cxb5 Rc8 30. g3 Nd4 31. Be2 Rc3 32. Ke1 Rxa3 33. Rc1 Kd6 34. Rc8 Ra1+ 35. Bd1 Nxb5 36. Kd2 Ra2+ 37. Ke3 Ra3+ 38. Kd2 Nd4 39. Rf8 Ke7 40. Rb8 b5 41. Rb7+ Kf6 42. Rb6+ Kg7 43. f4 Rxg3 44. fxe5 a4 45. Rd6 a3 46. Rxd4 a2 0-1


[Site "https://www.chess.com"]

[Event "Titled Tuesday Blitz September 28 2021"]
[White "Molina, Roberto Junio Brito"]
[Black "Guliev, Logman"]
[WhiteFideId "2109450"]
[BlackFideId "13400061"]
[WhiteElo "2402"]
[BlackElo "2128"]
[Result "1-0"]
[Round "05"]
[TimeControl "180+1"]
[Date "2021.09.28"]
[WhiteClock "0:00:12"]
[BlackClock "0:00:02"]

1. d4 Nf6 2. c4 e6 3. Nf3 Bb4+ 4. Bd2 c5 5. Bxb4 cxb4 6. g3 O-O 7. Bg2 d6 8. O-O Nc6 9. a3 a5 10. Qd3 Bd7 11. Nbd2 Re8 12. e4 Qc7 13. Rfe1 bxa3 14. bxa3 e5 15. d5 Nb8 16. Reb1 Na6 17. Ne1 Nc5 18. Qe2 Ba4 19. Rb2 Reb8 20. Rab1 b6 21. h3 Bd7 22. Nd3 Ba4 23. Qe3 Nfd7 24. Bf1 Nxd3 25. Bxd3 Nc5 26. Bf1 Qd7 27. Kh2 Qc7 28. Kg1 Bd7 29. Nf3 h6 30. Ne1 f5 31. exf5 Bxf5 32. Rc1 Rf8 33. h4 Rab8 34. Bd3 e4 35. Be2 Qe7 36. Nc2 Qe5 37. Nd4 Bd7 38. Rcb1 Na4 39. Rb3 Rbe8 40. Bd1 Rf6 41. Rc1 Ref8 42. Rc2 Nc5 43. Rbb2 Ba4 44. Rd2 Bxd1 45. Rxd1 Nd3 46. Rxd3 exd3 47. Qxe5 dxe5 48. Nc6 e4 49. Rd2 Re8 50. Nd4 e3 51. fxe3 Rxe3 52. Kg2 Re4 53. Rxd3 Kh7 54. Kh3 Re1 55. Nf3 Rf1 56. Kg2 Rc1 57. d6 Rc2+ 58. Kh3 Rf8 59. d7 Rd8 60. Ne5 Rc1 61. Nc6 Rxd7 62. Rxd7 1-0


[Site "https://www.chess.com"]

[Event "Titled Tuesday Blitz September 28 2021"]
[White "Moroni, Luca Jr"]
[Black "AleksanderHnydiuk"]
[WhiteFideId "865834"]
[WhiteElo "2491"]
[BlackElo "2591"]
[Result "1-0"]
[Round "05"]
[TimeControl "180+1"]
[Date "2021.09.28"]
[WhiteClock "0:00:09"]
[BlackClock "0:00:03"]

1. d4 Nf6 2. c4 g6 3. Nc3 Bg7 4. e4 d6 5. Bd3 O-O 6. Nge2 Nc6 7. O-O Nd7 8. Bc2 e5 9. d5 Nb4 10. Bb1 f5 11. exf5 gxf5 12. a3 Na6 13. b4 Qh4 14. f4 Nf6 15. Qe1 Qxe1 16. Rxe1 c5 17. b5 Nc7 18. Bc2 e4 19. a4 a6 20. b6 Nce8 21. h3 h5 22. Be3 Bd7 23. Bf2 Kf7 24. Nd1 Nxd5 25. cxd5 Bxa1 26. Ne3 Bd4 27. Nc4 Bxf2+ 28. Kxf2 Rd8 29. Nc3 Bc8 30. Nd1 h4 31. Nde3 Rg8 32. Bd1 Nf6 33. Be2 Rg3 34. Rb1 Ke7 35. Na5 Rdg8 36. Bxa6 bxa6 37. b7 Bxb7 38. Rxb7+ Kf8 39. Nac4 Ne8 40. Rb8 Ke7 41. Rb7+ Kf8 42. Rb8 Kf7 43. Ra8 Kf8 44. Nxd6 1-0


[Site "https://www.chess.com"]

[Event "Titled Tuesday Blitz September 28 2021"]
[White "Moskalenko, Alexander"]
[Black "Babiy, Olga"]
[WhiteFideId "4155351"]
[BlackFideId "14117258"]
[WhiteElo "2515"]
[BlackElo "2253"]
[Result "0-1"]
[Round "05"]
[TimeControl "180+1"]
[Date "2021.09.28"]
[WhiteClock "0:00:09"]
[BlackClock "0:00:04"]

1. e4 c5 2. Nf3 d6 3. d4 cxd4 4. Nxd4 Nf6 5. Nc3 a6 6. Bg5 Nbd7 7. f4 e6 8. Qf3 Be7 9. O-O-O Qc7 10. g4 b5 11. Bxf6 Nxf6 12. g5 Nd7 13. f5 Bxg5+ 14. Kb1 Ne5 15. Qh5 Qe7 16. Nxe6 Bxe6 17. fxe6 g6 18. exf7+ Nxf7 19. Qe2 O-O 20. h4 Bh6 21. Nd5 Qe5 22. h5 g5 23. Bh3 Bg7 24. c3 Rae8 25. Rhe1 Nh6 26. Nc7 Re7 27. Rd5 Qg3 28. Rd3 Qf2 29. Nd5 Re5 30. Qd1 g4 31. Rf1 Qh2 32. Rxf8+ Kxf8 33. Bxg4 Nxg4 34. Qxg4 Qh1+ 35. Kc2 Qxe4 36. Qc8+ Re8 37. Qd7 Qe2+ 38. Rd2 Qe4+ 39. Kb3 Qa4# 0-1


[Site "https://www.chess.com"]

[Event "Titled Tuesday Blitz September 28 2021"]
[White "Nazaretyan, Tigran"]
[Black "Corrales Jimenez, Fidel"]
[WhiteFideId "24162345"]
[BlackFideId "3506690"]
[WhiteElo "2212"]
[BlackElo "2555"]
[Result "0-1"]
[Round "05"]
[TimeControl "180+1"]
[Date "2021.09.28"]
[WhiteClock "0:00:11"]
[BlackClock "0:01:06"]

1. d4 Nf6 2. c4 g6 3. Nf3 Bg7 4. Nc3 d5 5. Bg5 O-O 6. Bxf6 Bxf6 7. cxd5 c5 8. e3 Bg4 9. Be2 Bxf3 10. Bxf3 cxd4 11. exd4 Qb6 12. Ne4 Bxd4 13. O-O Nd7 14. Rb1 Rac8 15. b4 Ne5 16. Nc5 Nxf3+ 17. Qxf3 Rfd8 18. Rfe1 Bxc5 19. bxc5 Qxc5 20. Rxb7 Rxd5 21. g3 Rf5 22. Qe3 Qxe3 23. Rxe3 Rc2 24. f4 Rd5 25. Rbxe7 Rdd2 26. a4 Rg2+ 27. Kf1 Rxh2 28. Kg1 Rcg2+ 29. Kf1 Ra2 30. Kg1 Rhd2 31. a5 Kg7 32. Kf1 h5 33. Rxa7 Rh2 34. Kg1 Rag2+ 35. Kf1 Rb2 36. Kg1 Rhc2 37. Kf1 Kf6 38. a6 Ra2 39. Ree7 Kf5 40. Rxf7+ Kg4 41. Rfe7 Kf3 42. Re1 Rf2+ 43. Kg1 Rg2+ 44. Kh1 Rh2+ 45. Kg1 Rag2+ 0-1


[Site "https://www.chess.com"]

[Event "Titled Tuesday Blitz September 28 2021"]
[White "Nesterov, Arseniy"]
[Black "Schmakel, Sam"]
[WhiteFideId "24198455"]
[BlackFideId "2039311"]
[WhiteElo "2494"]
[BlackElo "2356"]
[Result "1-0"]
[Round "05"]
[TimeControl "180+1"]
[Date "2021.09.28"]
[WhiteClock "0:00:08"]
[BlackClock "0:00:02"]

1. d4 Nf6 2. c4 g6 3. Nc3 Bg7 4. e4 d6 5. Be2 O-O 6. Be3 c5 7. d5 e6 8. Nf3 exd5 9. cxd5 b5 10. e5 Ng4 11. Bg5 Qb6 12. exd6 b4 13. Ne4 f5 14. Ned2 Bxb2 15. Nc4 Bc3+ 16. Bd2 Bxd2+ 17. Qxd2 Qb7 18. O-O Nf6 19. Rad1 Ne4 20. Qc2 Nc3 21. Rd2 Qg7 22. Ng5 Qf6 23. Ne6 Bxe6 24. dxe6 Qxe6 25. Bf3 Ne4 26. Re1 Nc6 27. Bxe4 Nd4 28. Qd3 fxe4 29. Rxe4 Qd5 30. Re5 Qc6 31. Re7 Rae8 32. Qe3 Rxe7 33. dxe7 Re8 34. Rd1 Nf5 35. Qe5 Rxe7 36. Qb8+ Kg7 37. Qf4 Re4 38. Qc1 Rg4 39. g3 Nh4 40. Qb2+ Kh6 41. Qd2+ Kh5 42. Qd5+ Qxd5 43. Rxd5+ Nf5 44. Ne5 Rd4 45. Rxc5 Kh6 46. Nf7+ Kg7 47. Ne5 Rd1+ 48. Kg2 Rd2 49. Ra5 Kf6 50. Nf3 Ne3+ 51. Kh3 Rxf2 52. Ra6+ Ke7 53. Rxa7+ Kd6 54. Ng5 Nf1 55. Ne4+ Kc6 56. Nxf2 1-0


[Site "https://www.chess.com"]

[Event "Titled Tuesday Blitz September 28 2021"]
[White "Nozdrachev, Leonid"]
[Black "Pourkashiyan, Atousa"]
[WhiteFideId "24113433"]
[BlackFideId "12502014"]
[WhiteElo "2196"]
[BlackElo "2285"]
[Result "1-0"]
[Round "05"]
[TimeControl "180+1"]
[Date "2021.09.28"]
[WhiteClock "0:00:10"]
[BlackClock "0:00:21"]

1. e4 e5 2. Nf3 Nf6 3. Nxe5 d6 4. Nf3 Nxe4 5. Nc3 Nxc3 6. dxc3 Be7 7. Bf4 Nd7 8. Bd3 Nc5 9. Nd4 Nxd3+ 10. Qxd3 O-O 11. O-O Bg5 12. Qg3 Bxf4 13. Qxf4 Re8 14. h3 Bd7 15. Rad1 h6 16. b3 Qg5 17. Qxg5 hxg5 18. Nf3 f6 19. Rfe1 Kf7 20. a4 a6 21. Nd4 Re5 22. Rxe5 dxe5 23. Ne2 Bf5 24. Rd2 Ke7 25. Kf1 Rh8 26. Ng3 Bg6 27. Ke2 Rh4 28. f3 Rh8 29. c4 Rb8 30. c5 Rd8 31. c3 Rxd2+ 32. Kxd2 Ke6 33. c4 a5 34. Ne2 e4 35. Nd4+ Ke5 36. Ke3 exf3 37. Nxf3+ Ke6 38. Nd4+ Kd7 39. g3 Bb1 40. Kd2 Bg6 41. Kc3 Be4 42. Kd2 Bg2 43. h4 gxh4 44. gxh4 Be4 45. Ke3 Bg6 46. Kf4 Ke7 47. c6 b6 48. Nb5 Kd8 49. Nd4 Ke7 50. Kg4 Kd6 51. h5 Bd3 52. Nf5+ Bxf5+ 53. Kxf5 Kxc6 54. Kg6 f5 55. Kxf5 Kc5 56. Kg6 Kb4 57. Kxg7 Kxb3 58. h6 Kxa4 59. h7 Kb3 60. h8=Q a4 61. Qc8 c5 62. Qc6 a3 63. Qxb6+ Kxc4 64. Qa5 Kb3 65. Qb5+ Kc2 66. Qxc5+ Kb2 67. Qb4+ Ka2 68. Kf6 Ka1 69. Qxa3+ Kb1 70. Ke5 Kc2 71. Kd4 Kd2 72. Qd3+ Ke1 73. Qc2 Kf1 74. Ke3 Kg1 75. Kf3 Kh1 76. Qg2# 1-0


[Site "https://www.chess.com"]

[Event "Titled Tuesday Blitz September 28 2021"]
[White "Nurmanova, Alua"]
[Black "Quispe Arteaga, Gabriel"]
[WhiteFideId "13729390"]
[BlackFideId "32059809"]
[WhiteElo "1869"]
[BlackElo "2192"]
[Result "0-1"]
[Round "05"]
[TimeControl "180+1"]
[Date "2021.09.28"]
[WhiteClock "0:00:03"]
[BlackClock "0:00:08"]

1. e4 c5 2. Nf3 d6 3. d4 cxd4 4. Nxd4 Nf6 5. Nc3 a6 6. Bg5 e6 7. f4 h6 8. Bh4 Qb6 9. Qd2 Qxb2 10. Rb1 Qa3 11. e5 Nfd7 12. Be2 g5 13. fxg5 dxe5 14. g6 exd4 15. gxf7+ Kxf7 16. O-O Kg8 17. Qd3 Qxc3 18. Qg6+ Bg7 19. Qxe6+ Kh7 20. Qf5+ Kg8 21. Qf7+ Kh7 22. Bd3+ Qxd3 23. cxd3 Ne5 24. Qd5 Nbc6 25. Bf6 Rf8 26. Bxg7 Rxf1+ 27. Rxf1 Kxg7 28. Re1 Ng4 29. Re8 Nf6 30. Rg8+ Nxg8 31. h4 Nf6 32. Qd6 Bd7 33. Qc7 Re8 34. h5 Re7 35. Qg3+ Bg4 36. Qd6 Rd7 37. Qf4 Ne7 38. Kh2 Nf5 39. Qb8 Rf7 40. g3 Nxh5 41. Qe5+ Nf6 42. Qb8 h5 43. Qe5 Kg6 44. Qe6 Nxg3 45. Qb3 Nf5 46. Qc2 Re7 47. Qc4 Re2+ 48. Kg1 Ne3 49. Qc7 Re1+ 50. Kf2 Rf1+ 51. Kg3 Rg1+ 52. Kf2 Rg2+ 0-1


[Site "https://www.chess.com"]

[Event "Titled Tuesday Blitz September 28 2021"]
[White "Omariev, Maksim"]
[Black "Aitbayev, Aslan"]
[WhiteFideId "4193423"]
[BlackFideId "13704613"]
[WhiteElo "2463"]
[BlackElo "2417"]
[Result "0-1"]
[Round "05"]
[TimeControl "180+1"]
[Date "2021.09.28"]
[WhiteClock "0:00:01"]
[BlackClock "0:00:47"]

1. d4 d5 2. c3 Nf6 3. Bf4 Bf5 4. Qb3 Qc8 5. e3 e6 6. Nf3 Be7 7. c4 O-O 8. Nc3 Nc6 9. cxd5 exd5 10. Rc1 a6 11. Be2 Rd8 12. O-O h6 13. h3 Bf8 14. a3 Ne4 15. Nxe4 Bxe4 16. Rc3 Bd6 17. Bxd6 Rxd6 18. Rfc1 Rg6 19. Kh2 Rb8 20. Qd1 Ra8 21. Bd3 f5 22. Ne1 Qe6 23. f3 Qd6+ 24. Kh1 Bxd3 25. Nxd3 Re8 26. Rxc6 bxc6 27. Ne5 Rxe5 28. dxe5 Qxe5 29. Qd3 Qxb2 30. Rb1 Qxg2# 0-1


[Site "https://www.chess.com"]

[Event "Titled Tuesday Blitz September 28 2021"]
[White "Onyshchuk, Volodymyr"]
[Black "Bortnyk, Olexandr"]
[WhiteFideId "14114038"]
[BlackFideId "14120828"]
[WhiteElo "2863"]
[BlackElo "2960"]
[Result "0-1"]
[Round "05"]
[TimeControl "180+1"]
[Date "2021.09.28"]
[WhiteClock "0:00:17"]
[BlackClock "0:00:24"]

1. e4 Nf6 2. d3 d5 3. Nd2 e5 4. Ngf3 Nc6 5. g3 Bc5 6. Bg2 O-O 7. O-O Re8 8. c3 a5 9. Qe2 b6 10. a4 Ba6 11. exd5 Nxd5 12. Nc4 e4 13. dxe4 Nf6 14. Nfd2 Ne5 15. b3 Qd3 16. Qxd3 Nxd3 17. Ba3 Rad8 18. h3 g5 19. Ra2 Bxa3 20. Rxa3 Bxc4 21. Nxc4 Nxe4 22. Bxe4 Rxe4 23. Ne3 Nc5 24. Rb1 Rd3 25. Rc1 Rd2 26. Rb1 Nd3 27. Rd1 Rxd1+ 28. Nxd1 Re1+ 29. Kg2 Rxd1 0-1


[Site "https://www.chess.com"]